 Dungeon Crawl Stone Soup version 0.23.1 (webtiles) character file.

Game seed: 10471127172212684592

529 Borgoz the Skirmisher (level 7, -2/58 (59) HPs)
             Began as a Ghoul Enchanter on Mar 3, 2019.
             Slain by a sky beast (4 damage)
             ... on level 7 of the Dungeon.
             The game lasted 00:16:22 (6592 turns).

Borgoz the Skirmisher (Ghoul Enchanter)             Turns: 6592, Time: 00:16:22

HP:   -2/58 (59)    AC:  7    Str: 12    XL:     7   Next: 23%
MP:   8/8           EV: 12    Int: 10    God:
Gold: 272           SH:  0    Dex: 11    Spells: 4/9 levels left

rFire    . . .     SeeInvis .   e - +0 rapier
rCold    + . .     Gourm    .   (no shield)
rNeg     + + +     Faith    .   g - +1 leather armour
rPois    ∞         Spirit   .   i - +1 hat
rElec    .         Reflect  .   q - +0 cloak
rCorr    .         Harm     .   s - +0 pair of gloves
MR       .....                  (no boots)
Stlth    ++........             (no amulet)
HPRegen  0.00/turn              (no ring)
MPRegen  0.11/turn              (no ring)

@: rotting
A: rotting body, claws 1, carnivore, cold resistance 1, negative energy
resistance 3, inhibited regeneration, torment resistance, unbreathing
a: no special abilities


You were on level 7 of the Dungeon.
You were not hungry.

You visited 1 branch of the dungeon, and saw 7 of its levels.
You also visited: Sewer.

You collected 272 gold pieces.

Inventory:

Hand Weapons
 e - a +0 rapier (weapon)
Missiles
 j - 2 curare-tipped needles
 k - 8 javelins (quivered)
 r - 7 needles of confusion
Armour
 g - a +1 leather armour (worn)
 i - a +1 hat (worn)
 q - a +0 cloak (worn)
 s - a +0 pair of gloves (worn)
Wands
 a - a wand of clouds (2)
Scrolls
 b - 2 scrolls of enchant armour
 f - 4 scrolls of teleportation
 h - a scroll of immolation {unknown}
 l - a scroll of fog {unknown}
 o - a scroll of random uselessness {unknown}
 u - 3 scrolls of blinking
Potions
 c - a potion of cancellation
 m - 5 potions of flight
 w - a potion of haste
Comestibles
 d - 15 rations


   Skills:
 * Level 4.0 Fighting
 * Level 3.4 Short Blades
 - Level 1.3 Throwing
 + Level 2.2 Armour
 + Level 3.0 Dodging
 + Level 3.9 Stealth
 + Level 1.7 Spellcasting
 + Level 2.8 Hexes


You had 4 spell levels left.
You knew the following spells:

 Your Spells              Type           Power        Failure   Level  Hunger
a - Corona                Hex            #......      13%         1    ##.....
b - Ensorcelled Hibernat  Hex/Ice        #.....       34%         2    ###....
c - Blink                 Tloc           N/A          52%         2    ###....

Your spell library contained the following spells:

 Spells                   Type           Power        Failure   Level  Hunger
 Slow                     Hex            #.......     19%         2    ###....
 Confuse                  Hex            #.......     36%         3    ####...
 Tukima's Dance           Hex            #.......     36%         3    ####...
 Magic Dart               Conj           #...         38%         1    ##.....
 Call Imp                 Summ           #.......     52%         2    ###....
 Dazzling Spray           Conj/Hex       #.....       56%         3    ####...
 Inner Flame              Hex/Fire       #.......     56%         3    ####...
 Portal Projectile        Hex/Tloc       #.....       56%         3    ####...
 Conjure Flame            Conj/Fire      #.......     77%         3    ####...
 Mephitic Cloud           Conj/Pois/Air  #.......     77%         3    ####...
 Cause Fear               Hex            #.........   77%         4    #####..
 Leda's Liquefaction      Hex/Erth       #.........   92%         4    #####..


Dungeon Overview and Level Annotations

Branches:
Dungeon (7/15)
 Temple: D:4-7

Altars:
Cheibriados
Gozag
Ru
Trog
Wu Jian


Innate Abilities, Weirdness & Mutations

Your body is rotting away.
You thrive on raw meat.
You are immune to poison.
You have sharp fingernails.
You are carnivorous and can eat meat at any time.
Your flesh is cold resistant. (rC+)
You are immune to negative energy. (rN+++)
You do not regenerate when monsters are visible.
You are immune to unholy pain and torment.
You can survive without breathing.


Message History

Reactivating autopickup.
You hit the sky beast.
The sky beast is heavily wounded.
The sky beast hits you but does no damage.
You closely miss the sky beast.
The sky beast is heavily wounded.
The sky beast barely misses you.
You hit the sky beast but do no damage.
The sky beast is heavily wounded.
The sky beast hits you.
* * * LOW HITPOINT WARNING * * *
The sky beast shocks you.
* * * LOW HITPOINT WARNING * * *
You hit the sky beast but do no damage.
The sky beast is heavily wounded.
The sky beast closely misses you.
You closely miss the sky beast.
The sky beast is heavily wounded.
The sky beast hits you.
You die...

..................#..#
#.####.####..###..#..#
#.....#....<....#..#
#..#..#.#..........#
#.....#.#.......#.##
...>...# #...###.#.#
#........ #...# ..#.#
###.#######...#####§####
#.#<#####...#.@.#....#
#.#..T......#.#Y####.#
###########.#.# #.#
##........T.#.# #.#
............##≈####.#
....................#
.............#.######
.............#.#
.............#.#


You could see a troll and a sky beast.

Vanquished Creatures
  A centaur (D:6)
  A scorpion (D:2)
  2 howler monkeys
  A bullfrog zombie (D:7)
  An orc priest (D:4)
  An orc wizard (D:3)
  6 adders
  8 oozes
  An adder skeleton (D:4)
  3 worms (D:2)
  2 dart slugs (D:1)
  2 leopard geckos
  15 orcs
  3 ball pythons
  14 bats
  11 giant cockroaches
  3 goblins
  8 hobgoblins
  8 jackals
  A quokka (D:3)
  4 frilled lizards
  13 kobolds
  9 rats
118 creatures vanquished.

Vanquished Creatures (others)
  A worm (D:3)
1 creature vanquished.

Grand Total: 119 creatures vanquished

Notes
Turn   | Place    | Note
-------+----------+-------------------------------------------
     0 | D:1      | Borgoz the Ghoul Enchanter began the quest for the Orb.
     0 | D:1      | Reached XP level 1. HP: 14/14 MP: 2/2
    31 | D:1      | Reached skill level 1 in Short Blades
    67 | D:1      | Reached XP level 2. HP: 22/22 MP: 3/3
   179 | D:1      | Reached skill level 1 in Fighting
   713 | D:1      | Reached XP level 3. HP: 27/27 MP: 4/4
  1324 | D:2      | Found a bloodstained altar of Trog.
  1343 | D:2      | HP: 1/28 [worm (9)]
  1651 | D:3      | Reached skill level 1 in Armour
  1715 | D:2      | Reached skill level 2 in Fighting
  1715 | D:2      | Reached XP level 4. HP: 16/36 MP: 5/5
  1738 | D:3      | Found a glowing drain.
  1778 | Sewer    | Entered a sewer
  2513 | Sewer    | Learned a level 2 spell: Ensorcelled Hibernation
  2861 | D:3      | Reached XP level 5. HP: 40/42 MP: 1/6
  3589 | D:2      | Found an opulent altar of Gozag.
  3676 | D:2      | Reached skill level 3 in Fighting
  4095 | D:3      | Reached XP level 6. HP: 26/51 MP: 7/7
  4704 | D:3      | Found a sacrificial altar of Ru.
  4797 | D:4      | Noticed an orc warrior
  4970 | D:4      | You fall through a shaft for 2 floors!
  5005 | D:7      | Noticed a troll
  5124 | D:6      | Reached skill level 1 in Throwing
  5157 | D:5      | Entered Level 5 of the Dungeon
  5767 | D:4      | Reached XP level 7. HP: 49/58 MP: 8/8
  6058 | D:5      | Found a snail-covered altar of Cheibriados.
  6068 | D:5      | You fall through a shaft for 2 floors!
  6121 | D:7      | Reached skill level 4 in Fighting
  6164 | D:6      | Found an ornate altar of the Wu Jian Council.
  6535 | D:7      | Learned a level 2 spell: Blink
  6590 | D:7      | HP: 2/58 [sky beast (6)]
  6592 | D:7      | Slain by a sky beast

Skill      XL: |  1  2  3  4  5  6  7 |
---------------+----------------------+-----
Short Blades   | 1 2 3 |  3.4
Fighting       | 1 2 3 4 |  4.0
Dodging        | 2 3 |  3.0
Armour         | 1 2 |  2.2
Throwing       | 1 |  1.3
Stealth        | |  3.9
Spellcasting   | |  1.7
Hexes          | |  2.8

Action                   |  1- 3 |  4- 6 |  7- 9 || total
-------------------------+-------+-------+-------++-------
Melee: Dagger            |   216 |   633 |       ||   849
       Rapier            |       |       |    63 ||    63
Throw: Javelin           |       |     3 |       ||     3
 Cast: Ensorcelled Hiber |       |    15 |       ||    15
       Corona            |       |     4 |       ||     4
  Use: Scroll            |     6 |     5 |       ||    11
       Potion            |       |     5 |     2 ||     7
 Stab: Sleeping          |     5 |     8 |       ||    13
       Invisible         |       |     2 |       ||     2
  Eat: Chunk             |    22 |    31 |     2 ||    55
Armor: Leather armour    |    53 |   186 |    32 ||   271
Dodge: Dodged            |   127 |   456 |    32 ||   615
